Unix NetHack Version 5.0.0-0 post-release - last build Jun 10 2026 00:39:30 (3ee93aec679c4c4259841fe613dc97188e26a321,branch:main).

Game began 2026-07-02 01:17:22, ended 2026-07-02 01:34:45.

IanCurtis, chaotic male elven Wizard

              ---  ---
    ----     --.----.--
    |..----  |........|              --------
    |.....|  --.......|--------------|......
    |.%.|.|  |........|...|...|..|+(?|.....
    |.|.|.-----.......|...|...|..|%+%|...
    |.|.|........%%...--|---.-|..|...|..-----
  ---...|-------..............-|---|--..|..@|
  |.....|      |......-----.............+...|
  |..----      |......|...|...-+--......|.*(|
  |..|         --.....|...-...|  |...{..------+-
  |..|          |.....|...|...|  |.............|
  |..|          -----.-------------.---.....-+--       |
  |..--            |..................|-+-..|      -  .--
  |...|          --|-.--------....----|  |..|      .....
 --.-.|         -->|..|......|....-.%%|  |..---- ....#
 |....|         |.....|._....-.)..|.%!|  |.)......{....-
 |....|         |.....|......|....--------.....#    |  -
 --...|         --.----------|....[....%...........-
  |..--          --          ---...-----------------
  ----                         -----
IanCurtis the Thaumaturge  St:9 Dx:12 Co:17 In:20 Wi:12 Ch:8  Chaotic
Dlvl:8  $:0  HP:0(51) Pw:43(67) AC:8  Xp:6 T:2110  Blind

Latest messages:
 The dwarf lord throws a thonged club!
 You are hit by a thonged club!
 "For you, most gracious hir; only 27 zorkmids for this leash."
 v - a leash (unpaid, 27 zorkmids).
 In what direction? b
 The door closes.
 The yellow light flows under the door.
 You stop searching.
 The yellow light explodes!
 You are blinded by a blast of light!
 You hear a door open.
 You hear someone cursing shoplifters.
 You hear crashing rock.
 You hear someone cursing shoplifters.
 You hear the splashing of a naiad.
 It bites!
 You stop waiting.
 You feel an unseen monster!
 You hear someone muttering an incantation.
 You feel more claustrophobic than before.
 You feel an unseen monster!
 It bites!
 You stop searching.
 You miss it.
 It bites!
 It is missed.
 You are hit.
 You hear someone muttering an incantation.
 You hit it.
 It bites!
 In what direction? h
 The spell misses it.
 You miss it.
 It bites!
 In what direction? h
 The spell misses it.
 You are hit.
 You are hit.
 In what direction? h
 The spell hits it!
 You kill it!
 You hear someone muttering an incantation.
 You feel more claustrophobic than before.
 It hits!
 It hits again!
 You hit it.
 It hits!
 You die...
 Yawolloh comes and takes all your possessions.
 Do you want to see what you had when you died? [ynq] (y) q

Inventory:
 Weapons  (')')
  P - 3 cursed -2 crossbow bolts
  B - a +0 silver dagger
  V - the +0 Sting
  a - a blessed +1 quarterstaff (weapon in hands)
 Armor    ('[')
  C - an uncursed +0 orcish helm (being worn)
  b - an uncursed +0 cloak of magic resistance (being worn)
  Y - an uncursed very burnt +0 robe
 Comestibles  ('%')
  Q - an uncursed slime mold
  M - an uncursed apple
  G - 2 uncursed cram rations
  T - an uncursed food ration
  y - 2 uncursed pears
 Scrolls  ('?')
  Z - a blessed scroll of blank paper
  i - an uncursed scroll of confuse monster
  j - 2 uncursed scrolls of destroy armor
  N - a cursed scroll of enchant weapon
  A - an uncursed scroll of food detection
  W - a cursed scroll of light
  H - an uncursed scroll of scare monster named frighten monster
 Spellbooks  ('+')
  l - a blessed spellbook of force bolt
  m - an uncursed spellbook of knock
 Potions  ('!')
  r - a blessed potion of extra healing
  g - 2 uncursed potions of extra healing
  O - a cursed potion of fruit juice
  p - a cursed potion of healing
  h - an uncursed potion of monster detection
  w - an uncursed potion of object detection
  U - an uncursed potion of sleeping
  f - 2 uncursed potions of water
 Rings    ('=')
  F - an uncursed +1 ring of gain constitution (on left hand)
  L - an uncursed ring of searching
  e - an uncursed ring of slow digestion (on right hand)
 Wands    ('/')
  S - a wand of digging (0:7)
  c - a wand of striking (0:4)
  K - a wand of teleportation (0:7)
 Tools    ('(')
  o - an uncursed tooled horn
  v - an uncursed leash
  k - an uncursed lock pick
  n - a magic marker (0:22)
  u - an uncursed magic whistle named magic
  J - 2 uncursed tallow candles
  R - an uncursed wax candle

IanCurtis the Wizard's attributes:

Background:
 You were a Thaumaturge, a level 6 male elven Wizard.
 You were chaotic, nominally on a mission for Anhur
 who was opposed by Ptah (lawful) and Thoth (neutral).
 You were right-handed.
 You were in the Gnomish Mines, on level 8.
 You entered the dungeon 2110 turns ago.
 It was nighttime.
 There was a full moon in effect when your adventure ended.
 You had 526 experience points, 114 more were needed to attain level 7.

Basics:
 You had 0 out of 51 hit points.
 You had 43 out of 67 energy points (spell power).
 Your armor class was 8.
 Your wallet was empty.
 Autopickup was off.

Final Characteristics:
 Your strength was 9 (limit:18).
 Your dexterity was 12 (limit:18).
 Your constitution was 17 (base:16, innate limit:16).
 Your intelligence was 20 (limit:20).
 Your wisdom was 12 (limit:20).
 Your charisma was 8 (limit:18).

Final Status:
 You were temporarily blind.
 You weren't hungry.
 You were unencumbered.
 You were wielding a quarterstaff.
 You had basic skill with quarterstaff.

Final Attributes:
 You were piously aligned.
 You were magic-protected.
 You were sleep resistant.
 You had infravision.
 You had slower digestion.
 You were warded.
 You were lucky.
 You are dead.

Miscellaneous:
 You didn't encounter any bones levels.
 Total elapsed playing time was 17 minutes and 22 seconds.

Major events:
 Turn
    1: IanCurtis the chaotic male elven Wizard entered the dungeon
  991: attained the rank of Conjurer (level 3)
 1001: entered the Gnomish Mines
 1609: became literate by naming Sting
 1708: reached Mine Town
 1730: attained the rank of Thaumaturge (level 6)
 2110: killed by a dwarf lord

Spells:
 Name                 Level Category     Fail Retention
 force bolt             1   attack         0%   81%-90%
 knock                  1   matter         0%  76%-100%

Skills:
 Fighting Skills
   bare handed combat [Unskilled]
   riding             [Unskilled]
 Weapon Skills
   dagger             [Unskilled]
   knife              [Unskilled]
   axe                [Unskilled]
   short sword        [Unskilled]
   club               [Unskilled]
   mace               [Unskilled]
   quarterstaff       [Basic]
   polearms           [Unskilled]
   spear              [Unskilled]
   trident            [Unskilled]
   sling              [Unskilled]
   dart               [Unskilled]
   shuriken           [Unskilled]
 Spellcasting Skills
   attack spells      [Basic]
   healing spells     [Unskilled]
   divination spells  [Unskilled]
   enchantment spells [Basic]
   clerical spells    [Unskilled]
   escape spells      [Unskilled]
   matter spells      [Unskilled]

Voluntary challenges:
 Character rerolling was not enabled.
 You were an atheist.
 You never genocided any monsters.
 You never polymorphed an object.
 You never changed form.
 You used no wishes.
Achievements:
 You entered a shop.
 You attained the rank of Conjurer.
 You entered the Gnomish Mines.
 You entered Minetown.
 You attained the rank of Thaumaturge.
 You entered a temple.

 The Dungeons of Doom: levels 1 to 4
    Level 1:
       A fountain.
    Level 2:
       A general store, some fountains, a sink.
    Level 3:
       A sink.
    Level 4:
       Stairs down to The Gnomish Mines.
 The Gnomish Mines: levels 5 to 8
    Level 5:
    Level 6:
    Level 7:
    Level 8: <- You were here.
       Some shops, a temple and an altar, some fountains, some trees.
       Final resting place for
          you, killed by a dwarf lord.


Vanquished creatures:
  a large mimic
 an ape
  a human zombie
  a rock mole
  a yellow light
  4 gnome leaders
  a kitten
  7 dwarves
  a kobold shaman
  a coyote
  a hobbit
  a large kobold
  a yellow mold
  a red mold
 27 gnomes
  2 geckos
  6 jackals
  a fox
  2 kobolds
  2 goblins
  2 sewer rats
  a grid bug
  a lichen
  5 newts
72 creatures vanquished.

No species were genocided or became extinct.

Game over:
                       ----------
                      /          \
                     /    REST    \
                    /      IN      \
                   /     PEACE      \
                  /                  \
                  |    IanCurtis     |
                  |       0 Au       |
                  |   killed by a    |
                  |    dwarf lord    |
                  |                  |
                  |                  |
                  |       2026       |
                 *|     *  *  *      | *
        _________)/\\_//(\/(/\)/\//\/|_)_______

Goodbye IanCurtis the Wizard...

You died in The Gnomish Mines on dungeon level 8 with 2454 points,
and 0 pieces of gold, after 2110 moves.
You were level 6 with a maximum of 51 hit points when you died.

